 Dungeon Crawl Stone Soup version 0.30-a0-859-gf88a04b62d (webtiles) character file.

Game seed: 12675759935783017540

204 Rocko1345 the Nimble (level 5, -5/41 HPs)
             Began as a Gnoll Wanderer on Mar 6, 2023.
             Was a Follower of Kikubaaqudgha.
             Blown up by Ijyb (14 damage)
             ... with a mindburst bolt
             ... on level 3 of the Dungeon.
             The game lasted 00:14:56 (3191 turns).

Rocko1345 the Nimble (Gnoll Wanderer)               Turns: 3191, Time: 00:14:57

Health: -5/41      AC: 13    Str:  9    XL:     5   Next: 82%
Magic:  5/9        EV: 16    Int: 11    God:    Kikubaaqudgha [*.....]
Gold:   151        SH:  0    Dex: 16    Spells: 5/10 levels left

rFire   . . .      SeeInvis .    p - +0 flail (protect)
rCold   . . .      Faith    .    (no shield)
rNeg    . . .      Spirit   .    d - +2 leather armour
rPois   .          Reflect  .    j - +0 helmet
rElec   .          Rampage  .    (no cloak)
rCorr   .                        (no gloves)
Will    .....                    (no boots)
Stlth   ++                       (no amulet)
HPRegen 0.26/turn                (no ring)
MPRegen 0.11/turn                (no ring)

@: under a protective aura, very slightly contaminated
A: fangs 1, strong nose, distributed training
a: Renounce Religion, Unearth Wretches


You were on level 3 of the Dungeon.
You worshipped Kikubaaqudgha.
Kikubaaqudgha was aware of your devotion.
You visited 1 branch of the dungeon, and saw 3 of its levels.

You collected 151 gold pieces.

Inventory:

Hand Weapons
 a - a +0 dagger
 e - a +0 vampiric short sword
 p - a +0 flail of protection (weapon)
Missiles
 i - 3 boomerangs
 n - 2 poisoned darts
Armour
 d - a +2 leather armour (worn)
 j - a +0 helmet (worn)
 s - a +0 chain mail of willpower
Jewellery
 t - a +6 ring of strength
Wands
 b - a wand of polymorph (11)
 v - a wand of quicksilver (9)
Scrolls
 f - a scroll of silence
 k - a scroll of torment {unknown}
 q - a scroll of teleportation {unknown}
 r - a scroll of summoning {unknown}
 u - a scroll of fear {unknown}
 w - a scroll of acquirement {unknown}
 x - a scroll of brand weapon
 y - a scroll of identify
Potions
 c - a potion of lignification
 g - a potion of ambrosia {unknown}
 h - 3 potions of haste
 l - 2 potions of resistance {unknown}
 m - a potion of berserk rage {unknown}
 o - a potion of degeneration {unknown}


   Skills:
 + Level 3.1 Fighting
 + Level 1.7 Short Blades
 + Level 1.7 Long Blades
 + Level 1.7 Axes
 + Level 1.7 Maces & Flails
 + Level 1.7 Polearms
 + Level 1.7 Staves
 + Level 1.7 Ranged Weapons
 + Level 1.7 Throwing
 + Level 3.1 Armour
 + Level 8.7 Dodging
 + Level 1.7 Stealth
 + Level 1.7 Shields
 + Level 1.7 Unarmed Combat
 + Level 3.3 Spellcasting
 + Level 1.3 Conjurations
 + Level 1.3 Hexes
 + Level 2.5 Summonings
 + Level 1.3 Necromancy
 + Level 1.3 Translocations
 + Level 1.3 Transmutations
 + Level 1.3 Fire Magic
 + Level 1.3 Ice Magic
 + Level 1.3 Air Magic
 + Level 1.3 Earth Magic
 + Level 1.3 Poison Magic
 + Level 2.0 Invocations
 + Level 4.9 Evocations


You had 5 spell levels left.
You knew the following spells:

 Your Spells              Type           Power      Damage    Failure   Level
a - Summon Small Mammal   Summ           28%        N/A       12%         1
b - Call Canine Familiar  Summ           7%         N/A       36%         3
c - Necrotise             Necr           16%        1d4       21%         1

Your spell library contained the following spells:

 Spells                   Type           Power      Damage    Failure   Level
 Kiss of Death            Conj/Necr      16%        2d6       21%         1
 Cigotuvi's Dreadful Rot  Necr/Pois/Air  8%         N/A       30%         2
 Sublimation of Blood     Necr           4%         N/A       30%         2
 Confusing Touch          Hex            4%         N/A       52%         3
 Portal Projectile        Hex/Tloc       8%         N/A       52%         3
 Tukima's Dance           Hex            4%         N/A       52%         3
 Dispel Undead            Necr           4%         3d7       89%         4
 Manifold Assault         Tloc           4%         N/A       89%         4
 Blade Hands              Tmut           2%         N/A       99%         5
 Dispersal                Tloc           2%         N/A       100%        6
 Disjunction              Tloc           2%         N/A       100%        8


Dungeon Overview and Level Annotations

Branches:
Dungeon (3/15)

Altars:
Kikubaaqudgha

Shops:
D:2 [

Annotations:
D:3 1 runed translucent door, Crazy Yiuf, Ijyb


Innate Abilities, Weirdness & Mutations

You have very sharp teeth.
Your uncanny sense of smell can sniff out nearby items.
Your experience applies equally to all skills.


Message History

Ijyb is lightly wounded.
Ijyb closely misses you.
You barely miss Ijyb. Your bite misses Ijyb.
Ijyb is lightly wounded.
Ijyb zaps a wand.
Your mind is blasted!
You hit Ijyb but do no damage.
Ijyb is lightly wounded.
Ijyb zaps a wand.
You barely resist. Ijyb barely misses you.
You barely miss Ijyb.
Ijyb is lightly wounded.
Ijyb hits you but does no damage.
You closely miss Ijyb. You punch Ijyb, but do no damage. Your bite misses Ijyb.
Ijyb is lightly wounded.
Ijyb screams, "Me kill you!"
Ijyb zaps a wand.
Your mind is blasted!
You barely miss Ijyb.
Ijyb is lightly wounded.
Ijyb barely misses you. Ijyb misses you.
You swap places.
Your rat misses Ijyb.
Ijyb hits your rat with a +2 dagger of protection.
Your rat dies!
Your rat's corpse disappears in a puff of smoke!
Ijyb zaps a wand.
Your mind is blasted!
* * * LOW HITPOINT WARNING * * *
Kikubaaqudgha calls piteous wretches from the earth!
An endoplasm and a kobold come into view.
The helpless kobold fails to defend itself.
You thump the kobold!
Your weapon exudes an aura of protection.
You kill the kobold!
That felt strangely unrewarding.
A nearby endoplasm perishes wretchedly.
You see here a kobold corpse.
Casting: Summon Small Mammal (safe; 12% risk of failure)
Confirm with . or Enter, or press ? or * to list all spells.
You miscast Summon Small Mammal.
You are very lightly contaminated with residual magic.
Nothing appears to happen.
Ijyb zaps a wand.
Your mind is blasted!
You die...
Kikubaaqudgha rasps: "You have failed me!
Welcome... death!"

....# #.................#>.#
....# ##..##########.##.#.##
....# #..#.......##.##.#†#
....# #..#.#####.##.##.#.#
....#####..#.#####.##.##.#.#
##.......(.......#.##......#
#..########.###g#.#####.###
#..# #...#.#.....#.# #..#
###.#@#.###.#.#
#..##########.#.#####.#.#
#.....>.......#.......#.#
##.####################.#
#.................)..[.#
########################


You could see Ijyb.

Vanquished Creatures
  Jessica (D:2)
  2 orc wizards (D:3)
  A gnoll (D:2)
  3 adders
  2 worms
  2 dart slugs
  3 orcs (D:3)
  4 ball pythons
  4 bats
  3 endoplasms
  3 giant cockroaches
  5 goblins
  5 hobgoblins
  5 jackals (D:1)
  4 quokkas
  3 frilled lizards
  5 kobolds
  5 rats
60 creatures vanquished.

Vanquished Creatures (collateral kills)
  An adder (D:3)
  2 endoplasms
  2 hobgoblins (D:2)
  A kobold (D:2)
  A bat (D:1)
  2 frilled lizards
  2 rats
11 creatures vanquished.

Vanquished Creatures (others)
  An endoplasm (D:3)
  19 plants (D:3)
20 creatures vanquished.

Grand Total: 91 creatures vanquished

Notes
Turn   | Place    | Note
-------+----------+-------------------------------------------
     0 | D:1      | Rocko1345 the Gnoll Wanderer began the quest for the Orb.
     0 | D:1      | Rocko1345 set off with the following items: a +0 dagger, a
                  | wand of polymorph (6), a potion of lignification, a +2
                  | leather armour; and the following spell memorised: Summon
                  | Small Mammal; and the following spells available to
                  | memorise: Call Canine Familiar.
     0 | D:1      | Reached XP level 1. HP: 17/17 MP: 4/4
   146 | D:1      | Reached XP level 2. HP: 23/23 MP: 3/5
   716 | D:1      | Reached XP level 3. HP: 19/28 MP: 7/7
   982 | D:2      | Reached skill level 1 in Invocations
  1047 | D:2      | Learned a level 3 spell: Call Canine Familiar
  1066 | D:2      | Noticed Jessica
  1085 | D:2      | Killed Jessica
  1086 | D:2      | Reached skill level 1 in Short Blades
  1086 | D:2      | Reached skill level 1 in Long Blades
  1086 | D:2      | Reached skill level 1 in Axes
  1086 | D:2      | Reached skill level 1 in Maces & Flails
  1086 | D:2      | Reached skill level 1 in Polearms
  1086 | D:2      | Reached skill level 1 in Staves
  1086 | D:2      | Reached skill level 1 in Ranged Weapons
  1086 | D:2      | Reached skill level 1 in Throwing
  1086 | D:2      | Reached skill level 1 in Stealth
  1086 | D:2      | Reached skill level 1 in Shields
  1086 | D:2      | Reached skill level 1 in Unarmed Combat
  1086 | D:2      | Reached XP level 4. HP: 34/34 MP: 3/8
  1146 | D:2      | Found Quskuuth's Antique Armour Boutique.
  1367 | D:2      | Reached skill level 1 in Conjurations
  1367 | D:2      | Reached skill level 1 in Hexes
  1367 | D:2      | Reached skill level 1 in Necromancy
  1367 | D:2      | Reached skill level 1 in Translocations
  1367 | D:2      | Reached skill level 1 in Transmutations
  1367 | D:2      | Reached skill level 1 in Fire Magic
  1367 | D:2      | Reached skill level 1 in Ice Magic
  1367 | D:2      | Reached skill level 1 in Air Magic
  1367 | D:2      | Reached skill level 1 in Earth Magic
  1367 | D:2      | Reached skill level 1 in Poison Magic
  1728 | D:2      | Noticed Sigmund
  1741 | D:2      | Sigmund changed into Sigmund the gnoll
  1741 | D:2      | Noticed Sigmund
  1765 | D:2      | Killed Sigmund the gnoll
  2088 | D:3      | Noticed Ijyb
  2220 | D:3      | Reached XP level 5. HP: 7/40 MP: 7/9
  2726 | D:3      | Found a faded altar of an unknown god.
  2749 | D:3      | Prayed at the altar of an unknown god.
  2749 | D:3      | Became a worshipper of Kikubaaqudgha
  2749 | D:3      | Reached * piety under Kikubaaqudgha
  2749 | D:3      | Received a gift from Kikubaaqudgha
  2846 | D:3      | Learned a level 1 spell: Necrotise
  3057 | D:3      | Found a runed translucent door.
  3058 | D:3      | Noticed Crazy Yiuf
  3191 | D:3      | Blown up by Ijyb

Illustrated notes

Levels and vault maps discovered:
D:1:      minmay_arrival_radiant_lines, layout_basic
D:2:      layout_loops_corners, serial_shops, shop, uniq_jessica, uniq_sigmund
D:3:      layout_basic, chequers_ecumenical_altar_grove, serial_bayou_pond_c,
          hangedman_decor_riveting, serial_bayou_lagoon_a,
          uniq_crazy_yiuf_cottage, uniq_ijyb

Skill      XL: |  1  2  3  4  5 |
---------------+----------------+-----
Summonings     | 2 |  2.5
Invocations    | 1 2 |  2.0
Short Blades   | 1 |  1.7
Long Blades    | 1 |  1.7
Axes           | 1 |  1.7
Maces & Flails | 1 |  1.7
Polearms       | 1 |  1.7
Staves         | 1 |  1.7
Ranged Weapons | 1 |  1.7
Throwing       | 1 |  1.7
Stealth        | 1 |  1.7
Shields        | 1 |  1.7
Unarmed Combat | 1 |  1.7
Spellcasting   | 3 |  3.3
Conjurations   | 1 |  1.3
Hexes          | 1 |  1.3
Necromancy     | 1 |  1.3
Translocations | 1 |  1.3
Transmutations | 1 |  1.3
Fire Magic     | 1 |  1.3
Ice Magic      | 1 |  1.3
Air Magic      | 1 |  1.3
Earth Magic    | 1 |  1.3
Poison Magic   | 1 |  1.3
Fighting       | 3 |  3.1
Armour         | 3 |  3.1
Dodging        | |  8.7
Evocations     | |  4.9

Action                     |  1- 3 |  4- 6 || total
---------------------------+-------+-------++-------
  Melee: Short sword       |   113 |    39 ||   152
         Dagger            |    11 |       ||    11
         Bite              |     6 |    15 ||    21
         Punch             |     3 |     3 ||     6
         Flail             |       |   137 ||   137
   Cast: Summon Small Mamm |    13 |    31 ||    44
         Call Canine Famil |       |     1 ||     1
         Necrotise         |       |     5 ||     5
 Invoke: Unearth Wretches  |       |     1 ||     1
  Evoke: Wand              |       |     1 ||     1
    Use: Scroll            |     4 |     1 ||     5
   Stab: Sleeping          |       |     3 ||     3
         Paralysed         |       |     1 ||     1
 Armour: Leather armour    |    45 |    50 ||    95
         Skin              |       |     8 ||     8
  Dodge: Dodged            |   130 |   171 ||   301

Table legend: (Time is in decaauts)
 A = Elapsed time spent in this place.
 B = Non-inter-level travel time spent in this place.
 C = Inter-level travel time spent in this place.
 D = Time resting spent in this place.
 E = Time spent auto-exploring this place.
 F = Levels seen in this place.
 G = Mean time per level.
                   A        B        C        D        E       F      G
               +--------+--------+--------+--------+--------+-----+--------+
         Total |   3254 |   3232 |     22 |    407 |   1504 |   3 | 1084.7 |
       Dungeon |   3254 |   3232 |     22 |    407 |   1504 |   3 | 1084.7 |
               +--------+--------+--------+--------+--------+-----+--------+

Top non-repeatable levels by time:
     D:2: 1247 daAuts
     D:3: 1098 daAuts
     D:1: 909 daAuts
